cohdb
Replays
Latest Replays
All Replays
Popular Replays
Top Player Replays
Match Explorer
How It Works
Community
CoH3 Stats
Reddit
Sign in to upload your games and track your stats! →
Sign in with Steam
Match 46653356
Unlisted
Match 46653356
Overview
Messages
Build Orders
End
Construct Section Command Post
Vickers Machine Gun Team
Infantry Section
Infantry Section
Infantry Section
Construct Platoon Command Post
Humber Armored Car
Construct Field Infirmary
Grenade Package
Selects Air and Sea Battlegroup
Selects Air and Sea Battlegroup
Selects Commando Section Paradrop
Selects Commando Support Section Paradrop
Selects Supply Surplus
Commando Section Paradrop
6-pounder Anti-tank Gun Team
Infantry Training
Commando Support Section Paradrop
Construct Company Command Post
Commando Section Paradrop
Selects UNKNOWN (223837)
Selects Assault Flares
_
4IRT
Jarekk
LarryTheMan911
0
0
Comments
sign in to comment!
No comments posted yet!